 Dungeon Crawl Stone Soup version 0.19-a0-1013-g40768a3 (webtiles) character file.

21340 Gorice the Nimble (level 13, 0/74 HPs)
             Began as a Kobold Assassin on July 24, 2016.
             Was a Follower of Uskayaw.
             Shot with an arrow by a minotaur (16 damage)
             ... in a labyrinth.
             The game lasted 01:46:36 (17203 turns).

Gorice the Nimble (Kobold Assassin)                Turns: 17203, Time: 01:46:37

Health: 0/74       AC: 11    Str: 18    XL:     13   Next: 19%
Magic:  13/13      EV: 31    Int:  9    God:    Uskayaw [*.....]
Gold:   509        SH:  0    Dex: 22    Spells: 0 memorised, 12 levels left

rFire  . . .     SeeInvis .     A - +4 scimitar (flame)
rCold  . . .     Gourm    .     I - +0 ring mail {rN+}
rNeg   + . .     Faith    .     (shield restricted)
rPois  .         Spirit   .     p - +2 helmet
rElec  .         Dismiss  .     d - +1 cloak
rCorr  .         Reflect  .     (no gloves)
SustAt .         Harm     .     (no boots)
MR     +....                    (no amulet)
Stlth  ++++++....               m - +3 ring of strength
                                q - ring of protection from magic

@: agile, very slightly contaminated, hasted, very quick, somewhat resistant to
hostile enchantments, very stealthy
A: carnivore 3
a: Stomp, Renounce Religion


You were in a labyrinth.
You worshipped Uskayaw.
Uskayaw was noncommittal.
You were not hungry.

You visited 3 branches of the dungeon, and saw 14 of its levels.
You also visited: Labyrinth.

You collected 642 gold pieces.
You spent 133 gold pieces at shops.

Inventory:

Hand Weapons
 a - a +3 dagger of freezing
   (You took it off a wight on level 6 of the Dungeon)
 b - a +0 dagger of venom
   (You took it off an orc wizard on level 4 of the Dungeon)
 A - a +4 scimitar of flaming (weapon)
   (You took it off Erica on level 8 of the Dungeon)
 B - a +0 blowgun
Missiles
 e - 3 poisoned needles
 v - a curare-tipped needle
 G - 6 tomahawks (quivered)
 Z - 384 stones
Armour
 d - a +1 cloak (worn)
 f - a +2 leather armour of positive energy
   (You found it in a labyrinth)
 p - a +2 helmet (worn)
 z - a +2 helmet of see invisible
   (You found it in a labyrinth)
 I - a +0 ring mail of positive energy (worn)
   (You took it off an orc on level 8 of the Dungeon)
Magical Staves
 l - an uncursed staff of energy {unknown}
Jewellery
 m - a +3 ring of strength (right hand)
 q - a ring of protection from magic (left hand)
 C - an uncursed ring of fire
Wands
 c - a wand of slowing (32/48)
 n - a wand of polymorph (10/24)
 D - a wand of flame (14/48)
 F - a wand of digging (9/24)
 N - a wand of polymorph (12/24)
 Q - a wand of enslavement (13/24)
Scrolls
 k - 3 scrolls of identify
 t - 3 scrolls of teleportation {!r}
 x - 2 scrolls of enchant armour
 y - a scroll of magic mapping {!r}
 H - 3 scrolls of remove curse
Potions
 h - 2 potions of curing
 j - 2 potions of lignification {!q}
 o - a potion of agility {!q}
 r - a potion of brilliance {!q}
 w - a potion of flight
 J - 2 potions of resistance {!q}
 P - 3 potions of might {!q}
Books
 s - a book of the Sky
Comestibles
 g - 6 meat rations {!e}
 i - 4 beef jerkies
 u - a slice of pizza


   Skills:
 - Level 5.7 Fighting
 - Level 10.0(11.8) Short Blades
 + Level 6.6(7.8) Long Blades
 - Level 10.0 Throwing
 - Level 6.0 Armour
 + Level 13.2 Dodging
 - Level 11.0 Stealth


You had 12 spell levels left.
You didn't know any spells.

Dungeon Overview and Level Annotations

Branches:
Dungeon (9/15)             Temple (1/1) D:7            Lair (4/6) D:9
 Shoals (0/4) Lair:2        Snake (0/4) Lair:3          Orc (0/2) D:9

Altars:
Ashenzari
Cheibriados
Dithmenos
Elyvilon
Fedhas
Gozag
Hepliaklqana
Kikubaaqudgha
Makhleb
Nemelex Xobeh
Okawaru
Pakellas
Qazlal
Ru
Sif Muna
Trog
Uskayaw
Vehumet
Xom
Yredelemnul
Zin
The Shining One

Shops:
D:4 :*}?   D:8 *   D:9 ?

Annotations:
Lair:1 vpUX: oklob vault, exclusion: oklob plant


Innate Abilities, Weirdness & Mutations

You are small and have problems with some larger weapons.
You are carnivorous and can eat meat at any time.


Message History

a meat ration {!e}; 3 large rocks; a robe; a glowing giant spiked club
Okay, then.
Unknown command.
Really quaff
l - a potion of haste {!q}?
You feel yourself speed up.
You are very lightly contaminated with residual magic.
Unknown command.
Wield which item (- for none, * to show all)? (? for menu, Esc to quit)
Okay, then.
Really quaff
o - 2 potions of agility {!q}?
You feel agile all of a sudden.
g - 6 meat rations {!e} (gained 1)
Things that are here:
a runed leather armour; a gnarled jewelled staff; a metal-bound book
f - a runed leather armour;
l - a gnarled jewelled staff;
s - a book of the Sky
Items here: ((( [ 2 tomahawks; a poisoned needle; a curare-tipped needle; a runed helmet
v - a curare-tipped needle;
e - 3 poisoned needles (gained 1)
G - 6 tomahawks (gained 2);
z - a runed helmet Unknown command.
The minotaur unwields an uncursed iridescent shortbow {velocity}.
The minotaur wields an uncursed trident.
The minotaur barely misses you. The minotaur misses you.
You hit the minotaur but do no damage. You completely miss the minotaur.
The minotaur furiously retaliates!
The minotaur headbutts you.
Damage: 2 (max 2) Wield which item (- for none, * to show all)? (? for menu, Esc to quit)
Your +3 dagger of freezing stops glowing.
Your +4 scimitar of flaming bursts into flame!
A - a +4 scimitar of flaming (weapon)
The minotaur hits you with an uncursed trident!!
* * * LOW HITPOINT WARNING * * *
The minotaur completely misses you.
Damage: 25 (max 25)
You hit the minotaur. You burn the minotaur.
The minotaur is lightly wounded.
You slash the minotaur! You burn the minotaur.
The minotaur is lightly wounded.
The minotaur misses you. The minotaur completely misses you.
You hit the minotaur but do no damage.
The minotaur is lightly wounded.
Unknown command.
The minotaur hits you from afar with an uncursed trident!
* * * LOW HITPOINT WARNING * * *
Damage: 12 (max 25)
The minotaur unwields an uncursed trident.
The minotaur wields an uncursed iridescent shortbow {velocity}.
The minotaur shoots an arrow.
The arrow hits you!
You die...

....#..
#.....# .#.
.....(.... #
.. . .(. .# #
. .##'## .##
#.. #8.8# .# .
.#. #.H.#. # #
.
......#8.8#..#
# .#:..#. # #
#..#8@8#..# #.
#..(#..# #
#.(#8<8# .. .
. #..##### ##
### # #... . .
. . ... ....
.... # . ..
.#.# . . . .
...###.### #
#. # # .#... .
# ..#


You could see a minotaur.

Vanquished Creatures
  A hydra (Lair:3)
  Erica (D:8)
  An elephant (D:9)
  2 black mambas
  5 spiny frogs
  4 komodo dragons
  2 trolls
  A polar bear (Lair:1)
  11 blink frogs
  2 shadows (Lab)
  A basilisk (Lair:1)
  10 yaks
  5 hungry ghosts
  4 hippogriffs
  12 water moccasins
  7 porcupines
  A black bear (D:7)
  8 orc warriors
  2 sky beasts
  An ice beast (D:9)
  A necrophage (D:7)
  A phantom (D:8)
  13 ogres
  4 wolves
  11 centaurs
  7 crocodiles
  3 big kobolds (D:9)
  13 giant frogs
  3 gnoll sergeants
  6 scorpions
  11 wights
  7 killer bees
  5 howler monkeys
  2 crimson imps
  A quasit (D:6)
  A giant frog zombie (D:5)
  A gnoll shaman (D:3)
  2 orc priests
  3 hounds
  7 jellies
  A giant frog skeleton (D:5)
  Natasha (thrice) (D:2)
  6 iguanas
  11 orc wizards
  12 worker ants
  6 sheep (Lair:1)
  A hound zombie (D:5)
  A hound skeleton (D:9)
  2 worker ant zombies
  7 gnolls
  9 adders
  43 river rats
  3 shadow imps
  16 oozes
  An adder zombie (D:6)
  2 adder skeletons
  2 worms
  2 dart slugs
  3 giant geckos
  44 orcs
  2 ball pythons (Lair:3)
  8 giant cockroaches
  6 hobgoblins
  19 jackals
  12 kobolds
  5 quokkas
  6 bats
  A giant gecko zombie (D:6)
  3 giant newts
  3 goblins
  8 rats
431 creatures vanquished.

Vanquished Creatures (others)
  14 fungi
  5 plants
19 creatures vanquished.

Grand Total: 450 creatures vanquished

Notes
Turn   | Place    | Note
-------+----------+-------------------------------------------
     0 | D:1      | Gorice the Kobold Assassin began the quest for the Orb.
     0 | D:1      | Reached XP level 1. HP: 12/12 MP: 1/1
    78 | D:1      | Reached skill level 3 in Short Blades
   136 | D:1      | Reached XP level 2. HP: 14/17 MP: 2/2
   800 | D:2      | Reached skill level 4 in Short Blades
   847 | D:2      | Reached XP level 3. HP: 22/22 MP: 3/3
   898 | D:2      | Noticed Natasha
   912 | D:2      | Killed Natasha
   955 | D:2      | Reached XP level 4. HP: 24/27 MP: 4/4
  1241 | D:2      | Reached skill level 5 in Short Blades
  1357 | D:2      | Reached skill level 3 in Fighting
  1379 | D:2      | Noticed Natasha
  1388 | D:2      | Killed Natasha
  1482 | D:2      | Noticed Natasha
  1498 | D:2      | HP: 8/28 [Natasha (5)]
  1499 | D:2      | Killed Natasha
  1499 | D:2      | Reached XP level 5. HP: 17/32 MP: 5/5
  1840 | D:3      | Noticed an ogre
  1890 | D:3      | Killed an ogre
  1890 | D:3      | Reached skill level 4 in Fighting
  1890 | D:3      | Reached skill level 6 in Short Blades
  1890 | D:3      | Reached XP level 6. HP: 14/38 MP: 6/6
  2661 | D:4      | Reached skill level 7 in Short Blades
  2901 | D:4      | Reached XP level 7. HP: 44/44 MP: 7/7
  3124 | D:4      | Reached skill level 8 in Short Blades
  3160 | D:4      | Found Irea's Book Shop.
  3162 | D:4      | Found Oxzezuob's General Store.
  3162 | D:4      | Found Huquur's Magic Scroll Shop.
  3162 | D:4      | Found Hofe's Gadget Shop.
  3194 | D:4      | Bought a scroll of remove curse for 33 gold pieces
  3196 | D:4      | Bought a scroll of identify for 22 gold pieces
  3196 | D:4      | Bought a scroll of identify for 22 gold pieces
  3280 | D:4      | Reached skill level 5 in Fighting
  3884 | D:5      | Entered Level 5 of the Dungeon
  3914 | D:5      | Reached skill level 9 in Short Blades
  4081 | D:5      | Reached XP level 8. HP: 39/50 MP: 8/8
  4158 | D:5      | Reached skill level 10 in Short Blades
  4366 | D:5      | Reached skill level 1 in Armour
  4661 | D:5      | Reached skill level 3 in Throwing
  4667 | D:5      | Reached skill level 2 in Armour
  4982 | D:5      | Reached skill level 4 in Throwing
  5225 | D:5      | Reached skill level 3 in Armour
  5225 | D:5      | Reached XP level 9. HP: 37/55 MP: 9/9
  5256 | D:5      | Found a snail-covered altar of Cheibriados.
  5502 | D:6      | Reached skill level 5 in Throwing
  6071 | D:6      | Reached skill level 4 in Armour
  6091 | D:6      | Reached skill level 6 in Throwing
  6283 | D:6      | Noticed a troll
  6284 | D:6      | Killed a troll
  6677 | D:6      | Reached skill level 5 in Armour
  6698 | D:6      | Reached skill level 7 in Throwing
  6930 | D:6      | HP: 16/55 [wight/spear (5)]
  6944 | D:6      | HP: 24/82 [wight/spear (2)]
  7202 | D:6      | Reached XP level 10. HP: 60/60 MP: 10/10
  7533 | D:7      | Reached skill level 8 in Throwing
  7619 | D:7      | Reached skill level 6 in Armour
  7658 | D:7      | Found a staircase to the Ecumenical Temple.
  7665 | Temple   | Entered the Ecumenical Temple
  7943 | Temple   | Became a worshipper of Uskayaw the Reveler
  8041 | D:7      | Reached * piety under Uskayaw
  8138 | D:7      | Reached ** piety under Uskayaw
  8139 | D:7      | Reached skill level 2 in Dodging
  8181 | D:7      | Reached skill level 6 in Stealth
  8261 | D:7      | Reached skill level 3 in Dodging
  8275 | D:7      | Reached *** piety under Uskayaw
  8289 | D:7      | Reached **** piety under Uskayaw
  8726 | D:8      | Found Voplyop's General Store.
  8852 | D:8      | Reached skill level 4 in Dodging
  8897 | D:8      | Noticed Erica
  8901 | D:8      | Killed Erica
  8901 | D:8      | Reached skill level 5 in Dodging
  8901 | D:8      | Reached skill level 8 in Stealth
  9414 | D:9      | Found a staircase to the Lair.
  9414 | D:9      | Noticed an elephant
  9416 | D:9      | Reached skill level 6 in Dodging
  9445 | D:9      | Reached skill level 9 in Stealth
  9457 | D:9      | Killed an elephant
  9457 | D:9      | Reached XP level 11. HP: 46/64 MP: 11/11
  9469 | D:9      | HP: 18/64 [crocodile (5)]
  9472 | D:9      | Reached ***** piety under Uskayaw
  9596 | D:8      | Reached skill level 7 in Dodging
  9799 | D:9      | Reached skill level 10 in Stealth
 10143 | D:9      | Found Daserr's Magic Scroll Boutique.
 10253 | D:9      | Bought a scroll of fear for 56 gold pieces
 10289 | D:9      | Found a staircase to the Orcish Mines.
 10339 | D:9      | Reached skill level 8 in Dodging
 10385 | D:9      | Reached skill level 11 in Stealth
 10396 | D:9      | Reached ****** piety under Uskayaw
 10620 | D:8      | HP: 19/64 [poisoned by a gnoll sergeant]
 10968 | D:8      | HP: 19/64 [orc warrior/flail (10)]
 11272 | D:9      | Reached skill level 9 in Dodging
 11474 | D:9      | Reached skill level 9 in Throwing
 11661 | Lair:1   | Entered Level 1 of the Lair of Beasts
 12187 | Lair:1   | Noticed an oklob plant
 12390 | Lair:1   | Found a radiant altar of Vehumet.
 12775 | Lair:1   | Reached skill level 10 in Dodging
 12832 | Lair:1   | HP: 11/64 [porcupine (10)]
 12844 | Lair:1   | HP: 11/64 [porcupine (2)]
 13210 | Lair:1   | Reached skill level 10 in Throwing
 13310 | Lair:1   | Reached XP level 12. HP: 69/69 MP: 12/12
 13318 | Lair:1   | Reached skill level 1 in Long Blades
 13410 | Lair:1   | Reached skill level 2 in Long Blades
 13973 | Lair:2   | Reached skill level 3 in Long Blades
 14004 | Lair:2   | Found a staircase to the Shoals.
 14011 | Lair:2   | Reached skill level 11 in Dodging
 14492 | Lair:2   | Reached skill level 4 in Long Blades
 14952 | Lair:2   | HP: 20/69 [poisoned by a spiny frog]
 14957 | Lair:2   | HP: 18/69 [poisoned by a spiny frog]
 14962 | Lair:2   | HP: 17/69 [poisoned by a spiny frog]
 14969 | Lair:2   | HP: 17/69 [poisoned by a spiny frog]
 14977 | Lair:2   | HP: 16/69 [poisoned by a spiny frog]
 15284 | Lair:2   | Reached skill level 5 in Long Blades
 15369 | Lair:3   | Noticed an eight-headed hydra
 15371 | Lair:3   | Killed an eight-headed hydra
 15371 | Lair:3   | Reached skill level 12 in Dodging
 15806 | Lair:3   | Reached XP level 13. HP: 74/74 MP: 13/13
 15816 | Lair:3   | Found a staircase to the Snake Pit.
 15880 | Lair:3   | Reached skill level 6 in Long Blades
 16336 | Lair:3   | Reached skill level 13 in Dodging
 16583 | Lair:4   | Found a labyrinth entrance.
 16596 | Lab      | Entered a labyrinth
 16623 | Lab      | Found an exit through the horrors of the Abyss.
 16914 | Lab      | Noticed a minotaur
 17202 | Lab      | HP: 16/74 [minotaur/uncursed trident (12)]
 17203 | Lab      | Shot with an arrow by a minotaur

Vault maps used:
D:1:      roderic_dead_forest
D:2:      first_bread, uniq_natasha
D:4:      minmay_shop_grid_forest, minmay_misc_feat_chi
D:5:      kennysheep_slug_shrine
D:6:      dk_noncrumbling_2, zaba_anthole
D:8:      serial_shops, kennysheep_little_box, uniq_erica
D:9:      david_lair_generic, kennysheep_orc_monster_closet_entryway,
          serial_shops, shop
Temple:   roderic_octagonal_lattice_temple
Lair:1:   lemuel_slime, basic_altar, grunt_megastairs_4
Lair:2:   minmay_shoals_entry_centaurs, serial_bayou_shore_a
Lair:3:   minmay_snake_entry_six_corridors
Lair:4:   lab_entry_generic
Lab:      nicolae_lab_dead_adventurers, labyrinth_fake_exit,
          nicolae_lab_do_over, nicolae_lab_diamond, nicolae_lab_stuck,
          nicolae_lab_grate_2, nicolae_lab_flowing_pool,
          labyrinth_skeletal_remains, nicolae_lab_blocks, nicolae_lab_statue,
          labyrinth_glass_1

Skill      XL: |  1  2  3  4  5  6  7  8  9 10 11 12 13 |
---------------+----------------------------------------+-----
Short Blades   | 3 4 5 6 7 9 10 | 10.0
Fighting       | 3 4 5 |  5.7
Armour         | 3 5 6 |  6.0
Throwing       | 4 7 8 10 | 10.0
Dodging        | 6 10 12 13 | 13.2
Stealth        | 9 11 | 11.0
Long Blades    | 5 6 |  6.6

Action                   |  1- 3 |  4- 6 |  7- 9 | 10-12 | 13-15 || total
-------------------------+-------+-------+-------+-------+-------++-------
Melee: Dagger            |    54 |   165 |   526 |  1093 |    51 ||  1889
       Scimitar          |       |       |       |   218 |    75 ||   293
 Fire: Blowgun           |       |    16 |    34 |    30 |     2 ||    82
Throw: Stone             |     5 |     4 |       |       |       ||     9
       Tomahawk          |       |       |    42 |    83 |    15 ||   140
       Throwing net      |       |       |       |       |     1 ||     1
Evoke: Wand              |       |       |       |     1 |     1 ||     2
  Use: Scroll            |     4 |     8 |     6 |     5 |     3 ||    26
       Potion            |       |     1 |     2 |     1 |     2 ||     6
 Stab: Sleeping          |    10 |     9 |     7 |    29 |     8 ||    63
       Paralysed         |       |       |       |    23 |     1 ||    24
       Distracted        |       |       |       |     4 |       ||     4
  Eat: Chunk             |     5 |     9 |    14 |    31 |     2 ||    61
Armor: Robe              |     3 |       |       |       |       ||     3
       Ring mail         |    10 |    36 |   134 |   159 |     9 ||   348
       Skin              |       |       |     6 |       |       ||     6
Dodge: Dodged            |    28 |    75 |   176 |   629 |    69 ||   977

Table legend:
 A = Turns spent in this place as a percentage of turns spent in the entire game.
 B = Non-inter-level travel turns spent in this place as a percentage of non-inter-level travel turns spent in the entire game.
 C = Inter-level travel turns spent in this place as a percentage of turns spent in this place.
 D = Turns resting spent in this place as a percentage of non-inter-level travel turns spent in this place.
 E = Turns spent auto-exploring this place as a percentage of non-inter-level travel turns spent in this place.
 F = Non-inter-level travel turns spent in this place divided by the number of levels of this place that you've seen.
                   A       B       C       D       E      F
               +-------+-------+-------+-------+-------+----------------------
         Total | 100.0 | 100.0 |   0.3 |   1.6 |   3.6 | 500.1
       Dungeon |  67.6 |  67.7 |   0.2 |   1.7 |   3.8 | 564.0
        Temple |   0.6 |   0.6 |   4.3 |   0.0 |  51.1 |  45.0
          Lair |  27.7 |  27.6 |   0.3 |   1.2 |   2.5 | 518.2
     Labyrinth |   4.1 |   4.1 |   0.0 |   3.6 |   0.0 | 308.0
               +-------+-------+-------+-------+-------+----------------------

Vault maps used:
D:1:      roderic_dead_forest
D:2:      first_bread, uniq_natasha
D:4:      minmay_shop_grid_forest, minmay_misc_feat_chi
D:5:      kennysheep_slug_shrine
D:6:      dk_noncrumbling_2, zaba_anthole
D:8:      serial_shops, kennysheep_little_box, uniq_erica
D:9:      david_lair_generic, kennysheep_orc_monster_closet_entryway,
          serial_shops, shop
Temple:   roderic_octagonal_lattice_temple
Lair:1:   lemuel_slime, basic_altar, grunt_megastairs_4
Lair:2:   minmay_shoals_entry_centaurs, serial_bayou_shore_a
Lair:3:   minmay_snake_entry_six_corridors
Lair:4:   lab_entry_generic
Lab:      nicolae_lab_dead_adventurers, labyrinth_fake_exit,
          nicolae_lab_do_over, nicolae_lab_diamond, nicolae_lab_stuck,
          nicolae_lab_grate_2, nicolae_lab_flowing_pool,
          labyrinth_skeletal_remains, nicolae_lab_blocks, nicolae_lab_statue,
          labyrinth_glass_1
